 Dungeon Crawl Stone Soup version 0.18-a0-987-g0b0e4e7 (webtiles) character file.

117 st0uf the Shield-Bearer (level 5, -20/42 HPs)
             Began as a Formicid Fighter on Jan 3, 2016.
             Was an Initiate of Okawaru.
             Demolished by an ogre
             ... wielding a +0 giant club
              (21 damage)
             ... on level 3 of the Dungeon.
             The game lasted 00:09:53 (1933 turns).

st0uf the Shield-Bearer (Formicid Fighter)          Turns: 1933, Time: 00:09:53

Health: -20/42     AC:  7    Str: 21    XL:     5   Next: 22%
Magic:  5/5        EV:  8    Int:  7    God:    Okawaru [......]
Gold:   97         SH:  9    Dex: 11    Spells: 0 memorised, 4 levels left

rFire  . . .     SeeInvis +     a - +0 long sword
rCold  . . .     Gourm    .     b - +0 scale mail
rNeg   . . .     Faith    +     c - +0 shield
rPois  .         Spirit   .     (helmet unavailable)
rElec  .         Dismiss  .     (no cloak)
rCorr  .         Reflect  .     (no gloves)
SustAt +         Harm     .     (no boots)
MR     .....                    q - amulet of faith
Stlth  +.........               k - ring of sustain attributes
                                h - ring of stealth

@: not resistant to hostile enchantments, very unstealthy
A: permanent stasis, dig shafts and tunnels, four strong arms, antennae 3
a: Dig, Shaft Self, Renounce Religion


You were on level 3 of the Dungeon.
You worshipped Okawaru.
Okawaru was noncommittal.
You were hungry.

You visited 1 branch of the dungeon, and saw 3 of its levels.

You collected 97 gold pieces.

Inventory:

Hand Weapons
 a - a +0 long sword (weapon)
Armour
 b - a +0 scale mail (worn)
 c - a +0 shield (worn)
Jewellery
 h - a ring of stealth (left hand)
 k - a ring of sustain attributes (right hand)
 q - an amulet of faith (around neck)
Scrolls
 l - a scroll of noise {unknown}
 m - a scroll of fear {unknown}
 o - a scroll of blinking {unknown}
 p - 3 scrolls of identify {unknown}
 t - 2 scrolls of recharging {unknown}
Potions
 d - 2 potions of might
 e - 2 potions of degeneration {unknown}
 i - a potion of magic {unknown}
 j - a potion of cancellation {unknown}
 n - a potion of ambrosia {unknown}
 s - a potion of lignification {unknown}
Comestibles
 f - a bread ration
 g - 3 beef jerkies
 r - 2 meat rations


   Skills:
 + Level 3.9 Fighting
 * Level 3.2 Long Blades
 + Level 4.1 Armour
 + Level 4.5 Shields


You had 4 spell levels left.
You didn't know any spells.

Dungeon Overview and Level Annotations

Branches:
Dungeon (3/15)

Altars:
Okawaru


Innate Abilities, Weirdness & Mutations

You are under a permanent stasis effect.
You can dig through walls and to a lower floor.
Your four strong arms can wield two-handed weapons with a shield.
You have a pair of large antennae on your head (SInv).


Message History

The ogre hits you with a giant club!!
You hit the ogre but do no damage.
The ogre is moderately wounded.
The ogre hits you with a giant club!!
Ouch! That really hurt!
* * * LOW HITPOINT WARNING * * *
You slash the ogre!
The ogre is heavily wounded.
The ogre barely misses you.
You barely miss the ogre.
The ogre is moderately wounded.
You block the ogre's attack.
You hit the ogre but do no damage.
The ogre is moderately wounded.
The ogre barely misses you.
You hit the ogre but do no damage.
The ogre is moderately wounded.
The ogre hits you with a giant club!!
Ouch! That really hurt!
You die...

...#.. { #.##.#
####.##.#
##.##.##.#
##.#.#.##.#
##.###..##.# ##.##
##.##.############
..##
##...............
##.##
##.##..###@######
##.###..##..#..O.#
####.#.#.##..#.#..#
...##.##.....#.#..#
##.#########.# #..#
#.#########.# #...
##...>.......# #...
##############
#...# ###


You could see an ogre.

Vanquished Creatures
  3 gnolls (D:2)
  3 adders (D:2)
  An ooze (D:1)
  2 worms (D:2)
  A giant gecko (D:1)
  8 bats
  A giant cockroach (D:1)
  4 goblins
  7 hobgoblins
  3 jackals (D:1)
  3 quokkas
  A ball python (D:1)
  A giant newt (D:1)
  3 kobolds
  10 rats
51 creatures vanquished.

Notes
Turn   | Place    | Note
--------------------------------------------------------------
     0 | D:1      | st0uf the Formicid Fighter began the quest for the Orb.
     0 | D:1      | Reached XP level 1. HP: 18/18 MP: 1/1
    24 | D:1      | Reached XP level 2. HP: 13/24 MP: 2/2
   439 | D:1      | Reached XP level 3. HP: 29/29 MP: 3/3
   718 | D:1      | Reached skill level 4 in Shields
   917 | D:2      | Reached XP level 4. HP: 37/37 MP: 4/4
  1218 | D:2      | Reached XP level 5. HP: 28/42 MP: 5/5
  1514 | D:2      | Found an iron altar of Okawaru.
  1523 | D:2      | Became a worshipper of Warmaster Okawaru
  1924 | D:3      | Noticed an ogre
  1929 | D:3      | HP: 1/42 [ogre/giant club (23)]
  1933 | D:3      | Demolished by an ogre

Vault maps used:
D:1:      dpeg_arrival_arbitrary_c
D:2:      nicolae_overflow_hidden_temple, minmay_misc_feat_doors
D:3:      nicolae_gozag_zags_fifth_avenue, lemuel_crystal_altar,
          corner_web_ring, hangedman_decor_points

Action                   |  1- 3 |  4- 6 || total
-------------------------+-------+-------++-------
Melee: Long sword        |   103 |    77 ||   180
 Abil: Dig               |     1 |     3 ||     4
  Eat: Chunk             |       |     3 ||     3
